 Dungeon Crawl Stone Soup version 0.28-a0-863-g8cecda6153 (webtiles) character file.

Game seed: 14045398816817231481

15 ytrimaz the Insei (level 2, -1/22 HPs)
             Began as a Djinni Transmuter on Nov 16, 2021.
             Slain by a worm (5 damage)
             ... on level 2 of the Dungeon.
             The game lasted 00:00:56 (1414 turns).

ytrimaz the Insei (Djinni Transmuter)               Turns: 1414, Time: 00:00:57

Health: -1/22      AC:  2    Str:  9    XL:     2   Next: 65%
Gold:   46         EV: 12    Int: 14    God:
                   SH:  0    Dex: 13

rFire   + + .      SeeInvis .     - Unarmed
rCold   x . .      Faith    .   (no shield)
rNeg    . . .      Spirit   .   a - +0 robe
rPois   ∞          Reflect  .   (helmet currently unavailable)
rElec   .          Harm     .   (no cloak)
rCorr   .          Rampage  .   (no gloves)
Will    .....                   (boots unavailable)
Stlth   +.........              (no amulet)
HPRegen 0.07/turn               (no ring)
MPRegen 0.00/turn               (no ring)

@: appendages (expiring), flying
A: horns 2, flying, sickness immunity, fire resistance 2, cold vulnerability 1,
float, innate caster, hp casting, extra vitality 1
a: End Transformation


You were on level 2 of the Dungeon.
You had temporarily grown beastly horns.
You visited 1 branch of the dungeon, and saw 2 of its levels.

You collected 46 gold pieces.

Inventory:

Armour
 a - a +0 robe (worn)
Scrolls
 c - a scroll of fear {unknown}
 f - a scroll of teleportation {unknown}
 g - a scroll of identify {unknown}
Potions
 b - a potion of degeneration {unknown}
 d - a potion of berserk rage {unknown}
 e - a potion of mutation {unknown}


   Skills:
 * Level 1.4 Fighting
 + Level 2.3 Dodging
 + Level 3.4 Unarmed Combat
 + Level 1.7 Spellcasting


You couldn't memorise any spells.
You knew the following spells:

 Your Spells              Type           Power      Damage    Failure   Level
a - Beastly Appendage     Tmut           12%        N/A       12%         1
b - Wereblood             Tmut           6%         N/A       19%         2
c - Spider Form           Tmut/Pois      6%         N/A       36%         3
d - Ice Form              Ice/Tmut       6%         N/A       77%         4
Your spell library was empty.

Dungeon Overview and Level Annotations

Branches:
Dungeon (2/15)

Altars:


Innate Abilities, Weirdness & Mutations

You have temporarily grown beastly horns.
You are flying.
You are immune to sickness and miasma.
You are immune to poison.
Your flesh is very heat resistant. (rF++)
You are vulnerable to cold. (rC-)
You float through the air rather than walking.
You learn spells naturally, not from books.
Your magical power is your life essence.
You have superior vitality. (+4 HP)


Message History

The goblin unwields a +0 club.
The goblin wields a +0 hunting sling.
The goblin shoots a stone.
The stone closely misses you. The goblin hits you but does no damage.
Your magical contamination has completely faded away.
The jackal bites you.
A worm comes into view.
Your horns disappear.
You see here a frilled lizard corpse.
A worm comes into view.
There is a stone staircase leading up here.
The jackal closely misses you.
You grow a pair of large bovine horns.
Your transformation is almost over.
The jackal closely misses you.
You hit the jackal but do no damage. The jackal bites you.
You hit the jackal.
The jackal is heavily wounded.
The jackal completely misses you. The jackal closely misses you.
You hit the jackal but do no damage.
The jackal is heavily wounded.
The jackal bites you but does no damage.
You hit the jackal but do no damage. Your headbutt misses the jackal.
The jackal is heavily wounded.
The jackal closely misses you. The worm barely misses you.
You hit the jackal.
You kill the jackal!
You hit the jackal but do no damage. Your headbutt misses the jackal.
The jackal bites you but does no damage.
The worm bites you. The jackal bites you.
You barely miss the jackal.
The jackal bites you but does no damage.
You barely miss the worm. You headbutt the worm.
The worm is lightly wounded.
The jackal bites you. The worm bites you.
* * * LOW HITPOINT WARNING * * *
You hit the worm.
The worm is lightly wounded.
The jackal bites you but does no damage.
Found a robe.
The worm bites you.
You die...

# ### #..
######..##.##
#[...##wh†g........
#......@###..###.#
.....#### #..# .#
.... #†.##..# #.
#......#
...####....#.#
...........#
...........#
...........#
...$.......#


You could see a worm, a jackal and a goblin.

Vanquished Creatures
  3 endoplasms (D:1)
  3 hobgoblins (D:1)
  A jackal (D:2)
  2 kobolds (D:1)
  A ball python (D:1)
  3 frilled lizards
13 creatures vanquished.

Notes
Turn   | Place    | Note
-------+----------+-------------------------------------------
     0 | D:1      | ytrimaz the Djinni Transmuter began the quest for the Orb.
     0 | D:1      | Reached XP level 1. HP: 17/17 MP: 0/0
   447 | D:1      | Reached XP level 2. HP: 4/22 MP: 0/0
  1414 | D:2      | Slain by a worm

Illustrated notes

Levels and vault maps discovered:
D:1:      wander_arrival_estate, layout_loops_ring, minmay_crystal_water,
          minmay_heptomino_o4
D:2:      layout_rooms

Action                   || total
-------------------------++-------
Melee: Unarmed           ||    55
       Headbutt          ||     6
       Punch             ||     1
 Cast: Beastly Appendage ||     8
       Wereblood         ||     1
Armor: Robe              ||    18
Dodge: Dodged            ||    21

Table legend: (Time is in decaauts)
 A = Elapsed time spent in this place.
 B = Non-inter-level travel time spent in this place.
 C = Inter-level travel time spent in this place.
 D = Time resting spent in this place.
 E = Time spent auto-exploring this place.
 F = Levels seen in this place.
 G = Mean time per level.
                   A        B        C        D        E       F      G
               +--------+--------+--------+--------+--------+-----+--------+
         Total |   1410 |   1389 |     21 |    238 |   1008 |   2 |  705.0 |
       Dungeon |   1410 |   1389 |     21 |    238 |   1008 |   2 |  705.0 |
               +--------+--------+--------+--------+--------+-----+--------+

Top non-repeatable levels by time:
     D:1: 1377 daAuts
     D:2: 32 daAuts
